AoeStats
← nonoleboss

Arabia

508068614Analyzed
4v4 RM · 12d ago on Sep 20, 2026· 32m 39s· 8 players
Game mode
Random Map
Map size
Large (8 player)
Population
200
Speed
Normal
Resources
Standard
Victory
Conquest
Starting age
Dark Age
Ending age
Imperial Age
RankedLock teamsTeams togetherTeam positionsShared explorationLock speedFull tech treeHidden civsTurbo modeCheats
Victory
Defeat
🇨🇳 Chinese · China
1354
+16
🇮🇹 Franks · Italy
1304
+18
🇫🇷 Wu · France
1291
+18
🇨🇳 Vikings · China
1277
+19
🇬🇧 Dravidians · United Kingdom
1387
-20
🇬🇧 Bulgarians · United Kingdom
1358
-18
🇬🇧 Slavs · United Kingdom
1334
-17
🇬🇧 Italians · United Kingdom
1300
-16
Shenk
6:22 Loom
8:53 Feudal Age
9:26 Double-Bit Axe
17:55 Wheelbarrow
17:46 Forging
19:25 Scale Barding Armor
27:44 Castle Age
26:34 Gold Mining
28:46 Chain Barding Armor
31:42 Husbandry
nonoleboss
6:21 Loom
8:53 Feudal Age
9:44 Man-at-Arms
13:37 Fletching
16:34 Double-Bit Axe
17:14 Padded Archer Armor
20:31 Horse Collar
24:30 Castle Age
25:09 Bodkin Arrow
25:30 Leather Archer Armor
24:39 Crossbowman
25:32 Bow Saw
28:40 Ballistics
true my word i
0:28 Loom
9:04 Feudal Age
10:18 Double-Bit Axe
11:10 Horse Collar
16:07 Scale Barding Armor
18:59 Bloodlines
22:10 Castle Age
20:28 Forging
21:42 Wheelbarrow
23:08 Heavy Plow
22:36 Light Cavalry
23:58 Husbandry
24:52 Bow Saw
25:52 Chain Barding Armor
29:04 Iron Casting
28:35 Gold Mining
29:46 Hand Cart
32:06 Stone Mining
微辣十三香
4:55 Loom
9:54 Feudal Age
9:56 Man-at-Arms
10:49 Town Watch
12:40 Double-Bit Axe
13:25 Horse Collar
16:21 Fletching
20:09 Gold Mining
23:30 Castle Age
21:54 Padded Archer Armor
23:31 Crossbowman
24:12 Bodkin Arrow
25:28 Gold Shaft Mining
25:27 Bow Saw
26:09 Leather Archer Armor
28:35 Ballistics
30:58 Imperial Age
29:22 Stone Mining
31:39 Bracer
32:41 Chemistry
31:04 Arbalester
33:21 Two-Man Saw
figlesquidge
10:13 Feudal Age
8:29 Loom
10:19 Feudal Age
14:07 Fletching
14:18 Padded Archer Armor
17:21 Double-Bit Axe
18:15 Horse Collar
26:30 Castle Age
26:18 Gold Mining
27:08 Wheelbarrow
26:33 Crossbowman
27:09 Bodkin Arrow
28:12 Leather Archer Armor
28:53 Thumb Ring
32:24 Ballistics
LandRoverDave
9:58 Feudal Age
11:39 Loom
14:55 Forging
18:22 Double-Bit Axe
20:12 Fletching
24:13 Castle Age
22:47 Horse Collar
24:42 Padded Archer Armor
24:20 Crossbowman
24:58 Bodkin Arrow
29:40 Ballistics
Vheissu
5:46 Loom
9:00 Feudal Age
9:47 Double-Bit Axe
13:02 Forging
16:56 Scale Barding Armor
21:27 Bloodlines
25:38 Castle Age
24:57 Horse Collar
26:57 Chain Barding Armor
30:11 Iron Casting
30:10 Husbandry
31:10 Gold Mining
JonnyJellyfish
8:51 Feudal Age
9:32 Double-Bit Axe
11:43 Horse Collar
11:57 Loom
13:15 Forging
15:31 Scale Barding Armor
27:40 Castle Age
26:19 Bloodlines
28:56 Iron Casting
28:42 Chain Barding Armor
27:47 Light Cavalry
28:27 Husbandry
Connection lost

Rejoining the realm…

Still unreachable

The connection could not be restored.

Session expired

The server has moved on; the page needs a fresh start.